PCL
DISTRICT 9 PRAWNS @ MILE HIGH BRONCOS
05/09/2027
 
TOP OF THE 1ST
District 9 Prawns batting - Pitching for Mile High Broncos : RHP Ricardo Marino
Pitching: RHP Ricardo Marino
Batting: LHB Tommy Payne 0-0: SINGLE (Groundball, 4MD)
Batting: RHB José Colón 0-0: Ball
1-0: Swinging Strike
1-1: Swinging Strike
Tommy Payne is caught stealing 2nd base
1-2: Foul Ball, location: 2F
1-2: Foul Ball, location: 2F
1-2: Foul Ball, location: 2F
1-2: Fly out, F4 (Popup, 4S)
Batting: RHB Eduardo García 0-0: Ground out 5-3 (Groundball, 56S)
Top of the 1st over - 0 run(s), 1 hit(s), 0 error(s), 0 left on base; District 9 0 - Mile High 0
BOTTOM OF THE 1ST
Mile High Broncos batting - Pitching for District 9 Prawns : RHP Mike Stabler
Pitching: RHP Mike Stabler
Batting: LHB Ernesto López 0-0: Ground out U3 (Groundball, 34)
Batting: RHB Rodney González 0-0: Ball
1-0: Foul Ball, location: 2F
1-1: Foul Ball, location: 2F
1-2: Ground out 6-3 (Groundball, 6)
Batting: LHB Mark Everett 0-0: Called Strike
0-1: Ball
1-1: Fly out, F7 (Flyball, 7LSF)
Bottom of the 1st over - 0 run(s), 0 hit(s), 0 error(s), 0 left on base; District 9 0 - Mile High 0
TOP OF THE 2ND
District 9 Prawns batting - Pitching for Mile High Broncos : RHP Ricardo Marino
Batting: LHB José Flores 0-0: Ball
1-0: Foul Ball, location: 2F
1-1: Ground out 4-3 (Groundball, 34)
Batting: SHB Rick Turner 0-0: Foul Ball, location: 2F
0-1: Foul Ball, location: 2F
0-2: Foul Ball, location: 2F
0-2: Ball
1-2: Strikes out swinging
Batting: RHB Edgardo Carrasco 0-0: Ball
1-0: Ball
2-0: Fly out, F4 (Popup, 4S)
Top of the 2nd over - 0 run(s), 0 hit(s), 0 error(s), 0 left on base; District 9 0 - Mile High 0
BOTTOM OF THE 2ND
Mile High Broncos batting - Pitching for District 9 Prawns : RHP Mike Stabler
Batting: RHB Jeff Packard 0-0: Called Strike
0-1: Foul Ball, location: 2F
0-2: Ball
1-2: Foul Ball, location: 2F
1-2: Foul Ball, location: 2F
1-2: Strikes out swinging
Batting: RHB David Moran 0-0: SINGLE (Line Drive, 89S)
Batting: RHB Luis Alvarado 0-0: Ball
1-0: Swinging Strike
1-1: Ball
2-1: Ball
3-1: Ground out 5-3 (Groundball, 5S)
David Moran to second
Batting: RHB Edward Williams 0-0: Called Strike
0-1: Ball
1-1: Foul Ball, location: 2F
1-2: SINGLE (Groundball, 56) (infield hit)
David Moran to third
Batting: LHB Don Hull 0-0: Fly out, F8 (Flyball, 8LM)
Bottom of the 2nd over - 0 run(s), 2 hit(s), 0 error(s), 2 left on base; District 9 0 - Mile High 0
TOP OF THE 3RD
District 9 Prawns batting - Pitching for Mile High Broncos : RHP Ricardo Marino
Batting: RHB Ron Glass 0-0: Ball
1-0: Foul Ball, location: 2F
1-1: Ball
2-1: Fly out, F9 (Flyball, 9D)
Batting: RHB Boyd Pittman 0-0: Called Strike
0-1: Ball
1-1: Foul Ball, location: 2F
1-2: Strikes out swinging
Batting: RHB Alfredo Rangel 0-0: Ball
1-0: Fly out, F7 (Flyball, 7)
Top of the 3rd over - 0 run(s), 0 hit(s), 0 error(s), 0 left on base; District 9 0 - Mile High 0
BOTTOM OF THE 3RD
Mile High Broncos batting - Pitching for District 9 Prawns : RHP Mike Stabler
Batting: RHB Evan Robinson 0-0: Called Strike
0-1: Ball
1-1: Swinging Strike
1-2: Foul Ball, location: 2F
1-2: Ground out 6-3 (Groundball, 6)
Batting: LHB Ernesto López 0-0: Ball
1-0: Fly out, F9 (Line Drive, 9D)
Batting: RHB Rodney González 0-0: Ball
1-0: Called Strike
1-1: Ball
2-1: Foul Ball, location: 2F
2-2: DOUBLE (Flyball, 89XD)
Batting: LHB Mark Everett 0-0: SINGLE (Flyball, 8RS)
Rodney González to third
Runner from 3rd tries for Home, SAFE, no throw
Batting: RHB Jeff Packard 0-0: Ball
1-0: Fielders Choice at 2nd, 5-4 (Groundball, 56)
Bottom of the 3rd over - 1 run(s), 2 hit(s), 0 error(s), 0 left on base; District 9 0 - Mile High 1
TOP OF THE 4TH
District 9 Prawns batting - Pitching for Mile High Broncos : RHP Ricardo Marino
Batting: LHB Tommy Payne 0-0: Ball
1-0: Fly out, F4 (Line Drive, 4MD)
Batting: RHB José Colón 0-0: Called Strike
0-1: Ball
1-1: Fly out, F8 (Flyball, 8LM)
Batting: RHB Eduardo García 0-0: Swinging Strike
0-1: Ball
1-1: Ball
2-1: Foul Ball, location: 2F
2-2: SINGLE (Line Drive, 6M)
Batting: LHB José Flores 0-0: Ball
1-0: Ball
2-0: Called Strike
2-1: DOUBLE (Line Drive, 78XD)
Eduardo García to third
Runner from 3rd tries for Home, SAFE, no throw
Batting: SHB Rick Turner 0-0: Foul Ball, location: 2F
0-1: Called Strike
0-2: Ball
1-2: Strikes out swinging
Top of the 4th over - 1 run(s), 2 hit(s), 0 error(s), 1 left on base; District 9 1 - Mile High 1
BOTTOM OF THE 4TH
Mile High Broncos batting - Pitching for District 9 Prawns : RHP Mike Stabler
Batting: RHB David Moran 0-0: Called Strike
0-1: Ball
1-1: Ball
2-1: Swinging Strike
2-2: Ball
3-2: Foul Ball, location: 2F
3-2: Foul Ball, location: 2F
3-2: Fly out, F6 (Line Drive, 6M)
Batting: RHB Luis Alvarado 0-0: Foul Ball, location: 2F
0-1: Ground out 6-3 (Groundball, 6)
Batting: RHB Edward Williams 0-0: Called Strike
0-1: Called Strike
0-2: Ball
1-2: Ball
2-2: Foul Ball, location: 2F
2-2: Ball
3-2: SINGLE (Line Drive, 78S)
Batting: LHB Don Hull 0-0: Called Strike
0-1: Called Strike
0-2: Foul Ball, location: 2F
0-2: Ground out U3 (Groundball, 3L)
Bottom of the 4th over - 0 run(s), 1 hit(s), 0 error(s), 1 left on base; District 9 1 - Mile High 1
TOP OF THE 5TH
District 9 Prawns batting - Pitching for Mile High Broncos : RHP Ricardo Marino
Batting: RHB Edgardo Carrasco 0-0: Called Strike
0-1: SINGLE (Line Drive, 56)
Batting: RHB Ron Glass 0-0: Ball
1-0: SINGLE (Line Drive, 9LS)
Edgardo Carrasco to second
Batting: RHB Boyd Pittman 0-0: Swinging Strike
0-1: Ball
1-1: Ball
2-1: Called Strike
2-2: Foul Ball, location: 2F
2-2: Strikes out swinging
Batting: RHB Alfredo Rangel 0-0: Called Strike
0-1: Foul Ball, location: 2F
0-2: Strikes out looking
Batting: LHB Tommy Payne 0-0: Ball
1-0: Called Strike
1-1: Called Strike
1-2: Strikes out looking
Top of the 5th over - 0 run(s), 2 hit(s), 0 error(s), 2 left on base; District 9 1 - Mile High 1
BOTTOM OF THE 5TH
Mile High Broncos batting - Pitching for District 9 Prawns : RHP Mike Stabler
Batting: RHB Evan Robinson 0-0: Called Strike
0-1: Foul Ball, location: 2F
0-2: Foul Ball, location: 2F
0-2: Ball
1-2: Ball
2-2: Strikes out looking
Batting: LHB Ernesto López 0-0: Fly out, F6 (Line Drive, 6)
Batting: RHB Rodney González 0-0: Ball
1-0: TRIPLE (Line Drive, 8RXD)
Batting: LHB Mark Everett 0-0: Ball
1-0: Ball
2-0: Ball
3-0: Base on Balls
Batting: RHB Jeff Packard 0-0: Ball
1-0: Fly out, F6 (Line Drive, 6)
Bottom of the 5th over - 0 run(s), 1 hit(s), 0 error(s), 2 left on base; District 9 1 - Mile High 1
TOP OF THE 6TH
District 9 Prawns batting - Pitching for Mile High Broncos : RHP Ricardo Marino
Batting: RHB José Colón 0-0: Ball
1-0: Swinging Strike
1-1: Fly out, F7 (Flyball, 7)
Batting: RHB Eduardo García 0-0: Ball
1-0: Foul Ball, location: 2F
1-1: Ball
2-1: DOUBLE (Line Drive, 8RXD)
Batting: LHB José Flores 0-0: Foul Ball, location: 2F
0-1: Ball
1-1: Ball
2-1: Ball
3-1: Base on Balls
Batting: SHB Rick Turner 0-0: Called Strike
0-1: Ball
1-1: Foul Ball, location: 2F
1-2: Ball
2-2: Ball
3-2: Base on Balls
Eduardo García to third
José Flores to second
Pitching: RHP John Burris
Batting: RHB Edgardo Carrasco 0-0: Fielders Choice at 2nd, 3-6 (Groundball, 34)
Eduardo García scores
José Flores to third
Batting: RHB Ron Glass 0-0: Ball
1-0: Called Strike
Pickoff Throw to First - Out!
Top of the 6th over - 1 run(s), 1 hit(s), 0 error(s), 0 left on base; District 9 2 - Mile High 1
BOTTOM OF THE 6TH
Mile High Broncos batting - Pitching for District 9 Prawns : RHP Mike Stabler
Batting: RHB David Moran 0-0: Ball
1-0: Ball
2-0: Called Strike
2-1: Ball
3-1: Base on Balls
Batting: RHB Luis Alvarado 0-0: Fly out, F7 (Line Drive, 7LM)
Batting: RHB Edward Williams 0-0: Called Strike
0-1: Ball
1-1: Called Strike
1-2: Ball
2-2: Strikes out swinging
Batting: LHB Don Hull 0-0: Called Strike
0-1: Ball
1-1: Ball
2-1: Ground out 6-3 (Groundball, 6M)
Bottom of the 6th over - 0 run(s), 0 hit(s), 0 error(s), 1 left on base; District 9 2 - Mile High 1
TOP OF THE 7TH
District 9 Prawns batting - Pitching for Mile High Broncos : RHP John Burris
Batting: RHB Ron Glass 0-0: Ball
1-0: Foul Ball, location: 2F
1-1: Ball
2-1: Foul Ball, location: 2F
2-2: Foul Ball, location: 2F
2-2: Fly out, F9 (Flyball, 89D)
Batting: RHB Boyd Pittman 0-0: Called Strike
0-1: Ball
1-1: Ground out 5-3 (Groundball, 56)
Batting: RHB Alfredo Rangel 0-0: Ball
1-0: Ball
2-0: Ball
3-0: Base on Balls
Pitching: LHP Mark Stewart
Pinch Hitting: RHB Brian Jackson 0-0: Called Strike
0-1: Foul Ball, location: 2F
0-2: Strikes out swinging
Top of the 7th over - 0 run(s), 0 hit(s), 0 error(s), 1 left on base; District 9 2 - Mile High 1
BOTTOM OF THE 7TH
Mile High Broncos batting - Pitching for District 9 Prawns : RHP Mike Stabler
Pitching: RHP Clayton Hawkins
Now in RF: Donnie Cunningham
Batting: RHB Evan Robinson 0-0: Swinging Strike
0-1: Ball
1-1: Swinging Strike
1-2: Foul Ball, location: 2F
1-2: Foul Ball, location: 2F
1-2: Ground out 5-3 (Groundball, 56S)
Batting: LHB Ernesto López 0-0: Called Strike
0-1: Ball
1-1: Ball
2-1: Fly out, F9 (Flyball, 9)
Batting: RHB Rodney González 0-0: Swinging Strike
0-1: Ball
1-1: Ball
2-1: Fly out, F8 (Line Drive, 8RS)
Bottom of the 7th over - 0 run(s), 0 hit(s), 0 error(s), 0 left on base; District 9 2 - Mile High 1
TOP OF THE 8TH
District 9 Prawns batting - Pitching for Mile High Broncos : LHP Mark Stewart
Pitching: RHP David Bailey
Batting: RHB José Colón 0-0: Fly out, F6 (Line Drive, 6)
Batting: RHB Eduardo García 0-0: Called Strike
0-1: Ball
1-1: Called Strike
1-2: Strikes out looking
Batting: LHB José Flores 0-0: Ball
1-0: Called Strike
1-1: Foul Ball, location: 2F
1-2: Ball
2-2: Strikes out swinging
Top of the 8th over - 0 run(s), 0 hit(s), 0 error(s), 0 left on base; District 9 2 - Mile High 1
BOTTOM OF THE 8TH
Mile High Broncos batting - Pitching for District 9 Prawns : RHP Clayton Hawkins
Pitching: RHP Wilson Flores
Now at 1B: Mal Snyder
Now in CF: Culley Vaughan
Batting: LHB Mark Everett 0-0: Ball
1-0: Ball
2-0: Ball
3-0: Base on Balls
Batting: RHB Jeff Packard 0-0: Grounds into double play, 4-6-3 (Groundball, 4)
Batting: RHB David Moran 0-0: Called Strike
0-1: SINGLE (Line Drive, 34D)
Pinch Hitting: RHB António Martínez 0-0: Ball
1-0: Ball
2-0: Ball
3-0: Base on Balls
David Moran to second
Pinch Hitting: LHB Tony Báez 0-0: Ball
1-0: Swinging Strike
1-1: DOUBLE (Flyball, 78M)
David Moran scores
António Martínez to third
Runner from 3rd tries for Home, throw and OUT!
Bottom of the 8th over - 1 run(s), 2 hit(s), 0 error(s), 1 left on base; District 9 2 - Mile High 2
TOP OF THE 9TH
District 9 Prawns batting - Pitching for Mile High Broncos : RHP David Bailey
Pitching: RHP César Rúbio
Now at SS: Paco Martínez
Now in RF: Tony Báez
Batting: SHB Rick Turner 0-0: Foul Ball, location: 2F
0-1: Ball
1-1: Swinging Strike
1-2: Ball
2-2: Strikes out looking
Pinch Hitting: LHB Leonard Young 0-0: Foul Ball, location: 2F
0-1: Swinging Strike
0-2: Strikes out looking
Pinch Hitting: LHB Enrique Nalasco 0-0: Ball
1-0: Ball
2-0: Foul Ball, location: 2F
2-1: Foul Ball, location: 2F
2-2: Strikes out looking
Top of the 9th over - 0 run(s), 0 hit(s), 0 error(s), 0 left on base; District 9 2 - Mile High 2
BOTTOM OF THE 9TH
Mile High Broncos batting - Pitching for District 9 Prawns : RHP Wilson Flores
Now at C: Carlos Flores
Now at 3B: Rafael González
Batting: LHB Don Hull 0-0: Ball
1-0: Ball
2-0: DOUBLE (Line Drive, 8RD)
Pinch Hitting: LHB Jesús González 0-0: Ball
1-0: Swinging Strike
1-1: Ball
2-1: Called Strike
2-2: Foul Ball, location: 2F
2-2: Ball
3-2: Base on Balls
Batting: LHB Ernesto López 0-0: Sac Bunt - play at first, batter OUT! 1-4
Don Hull to third
Jesús González to second
Batting: RHB Rodney González 0-0: Intentional Walk
Pitching: RHP Jeff Townsend
Batting: LHB Mark Everett 0-0: Called Strike
0-1: Called Strike
0-2: Ball
1-2: SINGLE (Groundball, 6MD)
Don Hull scores
Thursday, March 30th, 2017 - OOTP Baseball 17.12 Build 75